 Seeded DCSS version 0.28-a0-1616-g050a50673c (webtiles) character file.

Game seed: 17196875450252639451 (custom seed)

23 3t5h the Skirmisher (level 3, 19/19 HPs)
             Began as a Vine Stalker Fighter on Jan 23, 2022.
             Quit the game on level 2 of the Dungeon on Jan 24, 2022.
             The game lasted 00:01:25 (821 turns).

3t5h the Skirmisher (Vine Stalker Fighter)           Turns: 821, Time: 00:01:25

Health: 19/19      AC:  5    Str: 18    XL:     3   Next: 0%
Magic:  4/4        EV: 10    Int:  8    God:
Gold:   35         SH:  5    Dex: 15    Spells: 2/2 levels left

rFire   . . .      SeeInvis .   a - +0 rapier
rCold   . . .      Faith    .   c - +0 buckler
rNeg    . . .      Spirit   +   b - +0 ring mail
rPois   .          Reflect  .   (no helmet)
rElec   .          Harm     .   (no cloak)
rCorr   .          Rampage  .   (no gloves)
Will    .....                   (no boots)
Stlth   +.........              (no amulet)
HPRegen 0.06/turn               (no ring)
MPRegen 0.09/turn               (no ring)

@: no status effects
A: fangs 2, magic shield, antimagic bite, no potion heal 2
a: no special abilities


You were on level 2 of the Dungeon.
You visited 1 branch of the dungeon, and saw 2 of its levels.

You collected 35 gold pieces.

Inventory:

Hand Weapons
 a - a +0 rapier (weapon)
Armour
 b - a +0 ring mail (worn)
   (You found it on level 1 of the Dungeon)
 c - a +0 buckler (worn)
Scrolls
 f - 2 scrolls of immolation {unknown}
 h - a scroll of teleportation {unknown}
 i - a scroll of acquirement
 j - a scroll of magic mapping {unknown}
Potions
 d - a potion of might
 e - a potion of haste {unknown}


   Skills:
 - Level 2.7 Fighting
 * Level 2.6 Short Blades
 - Level 2.4 Armour
 - Level 0.2 Dodging
 - Level 2.6 Shields
 - Level 0.7 Invocations


You had 2 spell levels left.
You didn't know any spells.
Your spell library contained the following spells:

 Spells                   Type           Power      Damage    Failure   Level
 Frozen Ramparts          Ice            0%         1d2       97%         3
 Ice Form                 Ice/Tmut       0%         N/A       100%        4
 Summon Ice Beast         Ice/Summ       0%         N/A       100%        4


Dungeon Overview and Level Annotations

Branches:
Dungeon (2/15)

Altars:


Innate Abilities, Weirdness & Mutations

You have extremely sharp teeth.
When hurt, damage is shared between your health and your magic reserves.
Your bite disrupts and absorbs the magic of your enemies.
Potions cannot restore your health.


Message History

No target in view!
No target in view!
No target in view!
No target in view!
No target in view!
No target in view!
No target in view!
No target in view!
No target in view!
No target in view!
j - a scroll labelled TEPTUN LEHUAMO You open the door.
Found a stone staircase leading down.
There is an open door here.
There is a stone staircase leading down here.
Done exploring.
Done exploring.
Done exploring.
Done exploring.
Done exploring.
You climb downwards.
There is a stone staircase leading up here.
There are monsters nearby!
There are monsters nearby!
You barely miss the quokka. The quokka closely misses you.
You barely miss the quokka. Your bite misses the quokka. The quokka bites you.
You hit the quokka.
You kill the quokka!
You completely miss the hobgoblin. Your bite misses the hobgoblin.
The dart slug launches a dart at you. You block the slug dart.
The hobgoblin hits you but does no damage.
You hit the hobgoblin. The dart slug launches a dart at you.
You block the slug dart. You block the hobgoblin's attack.
You puncture the hobgoblin!
You kill the hobgoblin!
The dart slug launches a dart at you. You block the slug dart.
You hit the dart slug. You bite the dart slug. You drain its power.
The dart slug closely misses you.
You hit the dart slug.
You kill the dart slug!
You have reached level 3!
Your experience leads to an increase in your attributes!
Increase (S)trength, (I)ntelligence, or (D)exterity?
You feel agile. x2
As you read the scroll labelled KIYROU KICOY, it crumbles to dust.
The scroll dissolves into smoke.
It was a scroll of fog.
This is a scroll of acquirement!

#..... # #..#.##
#. #..#..
##..##..#.###.#
.............
#.......###.#.
##.#..<.........
........§§###....
........§@§§.....
..#.....§§§§.....
. #.......§§.....
......##......#.
.###... #.###....
..... ... ....
##... #.# .#. ..
... #


There were no monsters in sight!

Vanquished Creatures
  3 dart slugs
  2 ball pythons (D:1)
  2 goblins (D:1)
  2 hobgoblins
  A kobold (D:1)
  3 quokkas
  2 bats (D:1)
  A frilled lizard (D:1)
16 creatures vanquished.

Notes
Turn   | Place    | Note
-------+----------+-------------------------------------------
     0 | D:1      | 3t5h the Vine Stalker Fighter began the quest for the Orb.
     0 | D:1      | Reached XP level 1. HP: 11/11 MP: 2/2
   249 | D:1      | Reached XP level 2. HP: 12/16 MP: 1/3
   820 | D:2      | Reached XP level 3. HP: 19/19 MP: 4/4
   821 | D:2      | Identified a scroll of acquirement
   821 | D:2      | Quit the game

Illustrated notes

Levels and vault maps discovered:
D:1:      ebering_trefoil_3fold, layout_basic, hangedman_decor_clover_reticule
D:2:      layout_basic, ebering_ecumenical_altar_hall, minmay_cut_off

Skill      XL: |  1 |
---------------+----+-----
Short Blades   | 2 |  2.6
Fighting       | |  2.7
Armour         | |  2.4
Dodging        | |  0.2
Shields        | |  2.6
Invocations    | |  0.7

Action                   || total
-------------------------++-------
Melee: Rapier            ||    48
       Bite              ||     6
  Use: Scroll            ||     1
Armor: Scale mail        ||    12
       Ring mail         ||     3
Dodge: Dodged            ||    17
Block: Buckler           ||    16

Table legend: (Time is in decaauts)
 A = Elapsed time spent in this place.
 B = Non-inter-level travel time spent in this place.
 C = Inter-level travel time spent in this place.
 D = Time resting spent in this place.
 E = Time spent auto-exploring this place.
 F = Levels seen in this place.
 G = Mean time per level.
                   A        B        C        D        E       F      G
               +--------+--------+--------+--------+--------+-----+--------+
         Total |    827 |    827 |      0 |      0 |    681 |   2 |  413.5 |
       Dungeon |    827 |    827 |      0 |      0 |    681 |   2 |  413.5 |
               +--------+--------+--------+--------+--------+-----+--------+

Top non-repeatable levels by time:
     D:1: 815 daAuts
     D:2: 12 daAuts
